AoeStats
← eyupfc

MegaRandom

506818090Analyzed
4v4 RM · 17d ago on Sep 15, 2026· 44m 30s· 8 players
Game mode
Random Map
Map size
Large (8 player)
Population
200
Speed
Normal
Resources
Standard
Victory
Conquest
Starting age
Dark Age
Ending age
Imperial Age
RankedLock teamsTeams togetherTeam positionsShared explorationLock speedFull tech treeHidden civsTurbo modeCheats
Victory
Defeat
🇵🇹 Vietnamese · Portugal
1268
+14
🇫🇷 Turks · France
1223
+16
🇧🇷 Persians · Brazil
1219
+16
🇹🇷 Mongols · Türkiye
1192
+16
1248
-17
🇮🇳 Ethiopians · India
1241
-17
🇮🇹 Chinese · Italy
1212
-15
🇮🇹 Huns · Italy
1160
-13
Massarock
9:11 Loom
11:47 Feudal Age
12:37 Double-Bit Axe
14:25 Fletching
16:04 Padded Archer Armor
18:01 Scale Mail Armor
24:30 Castle Age
23:32 Forging
28:37 Castle Age
26:24 Fishing Lines
29:02 Elite Skirmisher
35:03 Imperial Age
34:58 Scale Barding Armor
34:50 Bodkin Arrow
35:59 Imperial Skirmisher
38:28 Wheelbarrow
39:23 Medium Warships
40:26 Chain Barding Armor
42:38 Light Cavalry
cbernard343
2:26 Loom
12:57 Feudal Age
18:49 Castle Age
17:21 Double-Bit Axe
20:40 Padded Archer Armor
21:15 Horse Collar
22:01 Fletching
27:16 Wheelbarrow
27:52 Bow Saw
29:43 Bodkin Arrow
30:31 Hand Cart
32:39 Bloodlines
32:30 Husbandry
36:51 Imperial Age
35:42 Scale Barding Armor
36:58 Chain Barding Armor
37:04 Elite Janissary
40:39 Conscription
40:25 Artillery
43:43 Plate Barding Armor
eyupfc
3:00 Loom
9:52 Feudal Age
11:18 Double-Bit Axe
22:11 Castle Age
28:44 Town Watch
29:36 Wheelbarrow
29:59 Husbandry
30:10 Bloodlines
30:10 Fishing Lines
32:18 Horse Collar
34:57 Gillnets
37:10 Fletching
37:20 Padded Archer Armor
37:44 Ballistics
41:52 Imperial Age
39:28 Stone Mining
39:28 Gold Mining
39:50 Bow Saw
39:41 Heavy Plow
39:58 Leather Archer Armor
40:27 Bodkin Arrow
41:52 Hand Cart
41:37 Town Patrol
42:31 Thumb Ring
44:04 Conscription
43:46 Bracer
44:50 Chemistry
45:33 Stone Shaft Mining
45:33 Gold Shaft Mining
45:10 Siege Engineers
45:04 Murder Holes
noob
5:40 Loom
14:07 Feudal Age
24:50 Fishing Lines
30:12 Wheelbarrow
41:53 Castle Age
42:41 Double-Bit Axe
42:48 Gold Mining
42:49 Stone Mining
42:41 Horse Collar
43:08 Gillnets
44:26 Hand Cart
LolloLove91
5:07 Loom
10:26 Feudal Age
10:58 Double-Bit Axe
19:53 Scale Barding Armor
19:45 Horse Collar
21:11 Forging
25:43 Castle Age
26:29 Bloodlines
27:27 Husbandry
29:55 Wheelbarrow
37:39 Heavy Plow
40:17 Light Cavalry
Napopappone
0:28 Loom
10:10 Feudal Age
11:22 Double-Bit Axe
15:11 Fletching
25:20 Castle Age
26:53 Guard Tower
27:40 Bodkin Arrow
27:46 Padded Archer Armor
28:54 Crossbowman
30:33 Bow Saw
32:23 Fervor
41:15 Ballistics
41:08 Masonry
41:36 Leather Archer Armor
44:53 Imperial Age
42:58 Wheelbarrow
42:09 Town Watch
Butcher
5:15 Loom
9:52 Feudal Age
9:56 Man-at-Arms
13:12 Fletching
16:40 Double-Bit Axe
29:15 Castle Age
30:09 Gold Mining
30:10 Stone Mining
29:53 Crossbowman
45:46 Imperial Age
我独自送头 Solo Feeding
Connection lost

Rejoining the realm…

Still unreachable

The connection could not be restored.

Session expired

The server has moved on; the page needs a fresh start.